AoeStats
← スカムバッグ

Black Forest

506888454Analyzed
4v4 RM · 16d ago on Sep 15, 2026· 11m 52s· 8 players
Game mode
Random Map
Map size
Large (8 player)
Population
200
Speed
Normal
Resources
Standard
Victory
Conquest
Starting age
Dark Age
Ending age
Imperial Age
RankedLock teamsTeams togetherTeam positionsShared explorationLock speedFull tech treeHidden civsTurbo modeCheats
Victory
Defeat
🇹🇷 Ethiopians · Türkiye
1065
+14
🇳🇱 Teutons · Netherlands
1037
+15
🇨🇿 Armenians · Czechia
980
+17
🇸🇰 Sicilians · Slovakia
980
+17
🇺🇸 Hindustanis · United States
1035
-17
🇹🇼 Wei · Taiwan
1017
-16
🇫🇷 Byzantines · France
1001
-15
🇨🇳 Poles · China
986
-15
LordYeetus
0:35 Loom
11:15 Feudal Age
Merguez celeste
0:29 Loom
來一杯玫瑰舒暢
13:20 Feudal Age
378080739
0:27 Loom
13:18 Feudal Age
tiedchardshark
11:35 Feudal Age
11:49 Man-at-Arms
12:17 Arson
スカムバッグ
11:36 Feudal Age
Aballion
1:46 Loom
11:12 Feudal Age
11:43 Double-Bit Axe
Levanius
0:36 Loom
12:54 Feudal Age
Connection lost

Rejoining the realm…

Still unreachable

The connection could not be restored.

Session expired

The server has moved on; the page needs a fresh start.